 Dungeon Crawl Stone Soup version 0.20.1-1-g8b1a95d (webtiles) character file.

73 Melbolja the Chucker (level 4, -4/55 HPs)
             Began as a Hill Orc Hunter on Oct 9, 2017.
             Slain by a gnoll
             ... wielding a +0 halberd
              (6 damage)
             ... on level 2 of the Dungeon.
             The game lasted 00:08:18 (1170 turns).

Melbolja the Chucker (Hill Orc Hunter)              Turns: 1170, Time: 00:08:19

Health: -4/55      AC:  7    Str: 19    XL:     4   Next: 27%
Magic:  4/4        EV: 10    Int: 13    God:
Gold:   61         SH:  0    Dex: 12    Spells: 3/3 levels left

rFire    + . .     SeeInvis .   a - +0 short sword
rCold    + . .     Gourm    .   (no shield)
rNeg     . . .     Faith    .   q - +1 scale mail
rPois    +         Spirit   .   (no helmet)
rElec    +         Reflect  .   (no cloak)
rCorr    +         Harm     .   (no gloves)
MR       .....                  (no boots)
Stlth    ..........             (no amulet)
Regen    0.2/turn               g - -3 ring of intelligence (curse)
MPRegen  0.1/turn               (no ring)

@: brilliant, berserking, resistant, very quick
A: no striking features
a: no special abilities


You were on level 2 of the Dungeon.
You were hungry.

You visited 1 branch of the dungeon, and saw 2 of its levels.

You collected 61 gold pieces.

Inventory:

Hand Weapons
 a - a +0 short sword (weapon)
 d - a +0 hunting sling
 e - a +2 mace of protection
Missiles
 h - 36 bolts
 r - 13 sling bullets
Armour
 b - a +0 leather armour
 o - a +1 ring mail of cold resistance
 q - a +1 scale mail (worn)
Jewellery
 g - a cursed -3 ring of intelligence (left hand)
Potions
 j - a potion of resistance
 k - a potion of brilliance
 n - a potion of haste {unknown}
 p - a potion of heal wounds {unknown}
Comestibles
 f - a bread ration
 i - a fruit
 m - a meat ration


   Skills:
 + Level 2.7 Fighting
 + Level 1.0 Short Blades
 + Level 4.5 Throwing
 + Level 1.0 Armour
 + Level 1.9 Dodging
 + Level 0.8 Stealth


You had 3 spell levels left.
You didn't know any spells.

Dungeon Overview and Level Annotations

Branches:
Dungeon (2/15)

Altars:
Ru


Message History

The gnoll hits you from afar with a halberd.
* * * LOW HITPOINT WARNING * * *
The gnoll barely misses you.
You hit the gnoll.
The gnoll is moderately wounded.
The gnoll hits you with a halberd.
* * * LOW HITPOINT WARNING * * *
It was a potion of resistance.
You feel protected. The gnoll hits you but does no damage.
It was a potion of brilliance.
You feel clever all of a sudden. The gnoll barely misses you.
It was a potion of berserk rage.
A red film seems to cover your vision as you go berserk!
You feel yourself moving faster!
You feel mighty!
You puncture the gnoll!
The gnoll is almost dead.
The gnoll hits you with a halberd.
You die...

#.#######.###.....[...#.##.##†#
.............#######.#........#
########....#..≈≈≈..#...##.##.#
#...#..≈...≈..#..##.##.#
##.#...≈._.≈...#.......#
#..#..≈...≈..#...#.####
#.#.#..≈≈≈..#.####.#
#.##.#######..# #.#
#.###...@ggg..# #.#
#.#########g### #.#
#.##........# #.# .(....#.g# #.
##### #.g# #gh# #(.# ...( ...#.


You could see 3 gnolls and a hobgoblin.

Vanquished Creatures
  A gnoll (D:2)
  An adder (D:2)
  An ooze (D:1)
  2 dart slugs (D:1)
  3 leopard geckos (D:1)
  6 bats
  2 giant cockroaches
  4 goblins
  6 hobgoblins
  7 jackals
  2 quokkas (D:2)
  A frilled lizard (D:2)
  2 kobolds
  2 rats (D:2)
40 creatures vanquished.

Notes
Turn   | Place    | Note
-------+----------+-------------------------------------------
     0 | D:1      | Melbolja the Hill Orc Hunter began the quest for the Orb.
     0 | D:1      | Reached XP level 1. HP: 18/18 MP: 1/1
    87 | D:1      | Reached XP level 2. HP: 22/25 MP: 2/2
   109 | D:1      | Reached skill level 4 in Throwing
   260 | D:1      | Reached XP level 3. HP: 30/30 MP: 3/3
   969 | D:2      | Found a sacrificial altar of Ru.
  1148 | D:2      | Reached skill level 1 in Short Blades
  1148 | D:2      | Reached XP level 4. HP: 26/37 MP: 4/4
  1152 | D:2      | Reached skill level 1 in Armour
  1166 | D:2      | HP: 1/37 [gnoll/halberd (6)]
  1170 | D:2      | Slain by a gnoll

Skill      XL: |  1  2  3  4 |
---------------+-------------+-----
Throwing       | 4 |  4.5
Short Blades   | 1 |  1.0
Armour         | 1 |  1.0
Fighting       | |  2.7
Dodging        | |  1.9
Stealth        | |  0.8

Action                   |  1- 3 |  4- 6 || total
-------------------------+-------+-------++-------
Melee: Short sword       |    36 |     5 ||    41
Throw: Javelin           |    63 |     4 ||    67
       Throwing net      |     2 |       ||     2
  Use: Scroll            |     5 |       ||     5
       Potion            |       |     3 ||     3
Armor: Leather armour    |    20 |       ||    20
       Scale mail        |     2 |     9 ||    11
Dodge: Dodged            |    35 |    13 ||    48
